 Dungeon Crawl Stone Soup version 0.28-a0-194-g42b4daccc1 (webtiles) character file.

Game seed: 2347800463865244077

8471 rabbitsville the Severer (level 11, 0/102 HPs)
             Began as a Minotaur Berserker on Aug 18, 2021.
             Was a High Priest of Trog.
             Slain by Snorg (2 damage)
             ... on level 10 of the Dungeon.
             The game lasted 00:44:24 (11472 turns).

rabbitsville the Severer (Minotaur Berserker)      Turns: 11472, Time: 00:44:24

Health: 0/102      AC:  9    Str: 25    XL:     11   Next: 10%
Magic:  10/10      EV:  8    Int:  4    God:    Trog [*****.]
Gold:   684        SH:  0    Dex: 10    Spells: 10/10 levels left

rFire   . . .      SeeInvis .   G - +2 war axe (flame)
rCold   + . .      Faith    .   (no shield)
rNeg    . . .      Spirit   .   j - +0 chain mail
rPois   .          Reflect  .   (helmet restricted)
rElec   .          Harm     .   q - +0 cloak
rCorr   .          Rampage  .   (no gloves)
Will    .....                   (no boots)
Stlth   ..........              A - amulet of regeneration
HPRegen 1.27/turn               z - ring of protection from cold
MPRegen 0.12/turn               (no ring)

@: hasted, very quick
A: horns 2, retaliatory headbutt
a: Renounce Religion, Berserk, Trog's Hand, Brothers in Arms


You were on level 10 of the Dungeon.
You worshipped Trog.
Trog was extremely pleased with you.
You visited 1 branch of the dungeon, and saw 10 of its levels.

You collected 684 gold pieces.

Inventory:

Hand Weapons
 a - a +0 hand axe
 u - a +2 battleaxe of venom
 G - a +2 war axe of flaming (weapon)
Missiles
 h - 100 poisoned darts (quivered)
 k - 5 curare-tipped darts
 w - 12 boomerangs of dispersal
Armour
 b - a +0 animal skin
 g - a +0 scale mail
 j - a +0 chain mail (worn)
 q - a +0 cloak (worn)
 F - a +2 kite shield
Jewellery
 z - a ring of protection from cold (left hand)
 A - an amulet of regeneration (around neck)
Wands
 E - a wand of acid (4)
Scrolls
 c - a scroll of fog {unknown}
 d - 2 scrolls of enchant armour
 e - a scroll of silence {unknown}
 f - 2 scrolls of noise {unknown}
 i - 2 scrolls of enchant weapon {unknown}
 l - a scroll of magic mapping {unknown}
 p - a scroll of torment {unknown}
 r - 3 scrolls of amnesia
 t - a scroll of blinking {unknown}
 y - a scroll of fear {unknown}
 D - a scroll of teleportation {unknown}
 H - a scroll of identify
Potions
 m - 2 potions of flight
 n - 2 potions of berserk rage
 o - 2 potions of degeneration
 s - a potion of attraction {unknown}
 v - a potion of mutation {unknown}
 x - a potion of brilliance {unknown}
 B - a potion of resistance {unknown}
 C - a potion of lignification {unknown}
 I - a potion of curing


   Skills:
 - Level 11.5 Fighting
 * Level 16.1 Axes
 - Level 2.4 Armour
 - Level 2.1 Dodging
 + Level 4.0 Shields


You had 10 spell levels left.
You didn't know any spells.
Your spell library was empty.

Dungeon Overview and Level Annotations

Branches:
Dungeon (10/15)            Temple (0/1) D:6            Lair (0/6) D:10
    Orc: D:9-12

Altars:
Dithmenos
Elyvilon
Kikubaaqudgha
Makhleb
Okawaru
Qazlal
Uskayaw
Xom
Zin
The Shining One

Shops:
D:8 *

Annotations:
D:6 2 transporters
D:10 Snorg


Innate Abilities, Weirdness & Mutations

You have a pair of horns on your head.
You reflexively headbutt those who attack you in melee.


Message History

Items here: ††††.
Found a ring mail.
J - a potion of haste
Found a robe.
Found a heavily runed leather armour, a robe and 12 gold pieces.
You see here a +0 ring mail.
You see here the +1 leather armour of the Trout {Harm Drain Str+3}.
K - the +1 leather armour of the Trout {Harm Drain Str+3} You drop the +1 leather armour of the Trout {Harm Drain Str+3}.
You now have 684 gold pieces (gained 12).
Found a worn iron wand.
Found a stone staircase leading up.
There is a stone staircase leading up here.
Snorg the Insatiable comes into view.
Snorg goes berserk!
Snorg bites you! Snorg claws you! Snorg claws you!!
Snorg rages.
Snorg bites you!! Snorg claws you but does no damage. x2
Snorg bites you!!
* * * LOW HITPOINT WARNING * * *
Snorg barely misses you. Snorg claws you but does no damage.
Snorg barely misses you. Snorg claws you but does no damage. x2
Snorg rages.
Snorg completely misses you. Snorg claws you but does no damage. x2
Snorg rages.
Snorg bites you but does no damage. Snorg claws you but does no damage.
Snorg claws you!
* * * LOW HITPOINT WARNING * * *
There is a stone staircase leading up here.
Snorg closely misses you. You furiously retaliate!
You headbutt Snorg, but do no damage. Snorg claws you.
* * * LOW HITPOINT WARNING * * *
Snorg claws you!
* * * LOW HITPOINT WARNING * * *
You feel yourself speed up. Snorg bites you.
* * * LOW HITPOINT WARNING * * *
Snorg claws you.
* * * LOW HITPOINT WARNING * * *
Snorg claws you.
You die...

############# #.........@.#
#.#########T# #.# #.#
######.####### #.#
/.............###.####
#.#####...^..........#
####.......###.##.#
...........[###.##.##########
#.#####...[........#..........#


You could see Snorg (berserk).

Vanquished Creatures
  A two-headed ogre (D:8)
  Maggie (D:10)
  Joseph (D:8)
  An unseen horror (D:10)
  A hornet (D:9)
  A shadow (D:9)
  2 humans (D:8)
  6 yaks (D:10)
  Grum (D:8)
  5 orc warriors
  2 black bears
  An ice beast (D:5)
  A necrophage (D:6)
  4 centaurs
  3 ogres
  2 wolves (D:8)
  2 phantoms (D:5)
  2 kobold brigands
  Blork the orc (D:6)
  6 gnoll sergeants
  A bullfrog (D:8)
  4 scorpions
  2 water moccasin skeletons
  6 killer bees (D:10)
  A troll skeleton (D:10)
  5 spriggan skeletons (D:10)
  8 wights
  An electric eel (D:7)
  A howler monkey (D:10)
  4 centaur zombies
  2 bullfrog zombies (D:5)
  13 hounds
  3 gnoll shamans
  A centaur skeleton (D:5)
  3 orc priests
  2 jellies (D:8)
  Crazy Yiuf (D:3)
  Jessica (D:2)
  3 iguanas
  5 orc wizards
  A hound zombie (D:5)
  Robin (D:4)
  2 howler monkey zombies (D:7)
  14 adders
  39 gnolls
  2 shadow imps
  A white imp (D:7)
  3 ufetubi
  2 worms (D:4)
  A dart slug (D:4)
  20 orcs
  7 ball pythons
  A bat (D:1)
  7 endoplasms
  2 giant cockroaches
  18 goblins
  10 hobgoblins
  4 jackals
  25 kobolds
  2 quokkas
  3 frilled lizards (D:1)
  2 rats (D:1)
278 creatures vanquished.

Vanquished Creatures (others)
  A gnoll (D:7)
  2 fungi (D:2)
  5 plants (D:2)
8 creatures vanquished.

Grand Total: 286 creatures vanquished

Notes
Turn   | Place    | Note
-------+----------+-------------------------------------------
     0 | D:1      | rabbitsville the Minotaur Berserker began the quest for the
                  | Orb.
     0 | D:1      | Reached XP level 1. HP: 19/19 MP: 0/0
    92 | D:1      | Reached skill level 4 in Axes
    95 | D:1      | Reached XP level 2. HP: 25/27 MP: 1/1
   380 | D:1      | Reached ** piety under Trog
   551 | D:1      | Reached XP level 3. HP: 27/33 MP: 2/2
   878 | D:2      | Reached skill level 5 in Axes
  1123 | D:2      | Reached XP level 4. HP: 37/41 MP: 3/3
  1204 | D:2      | Found a faded altar of an unknown god.
  1272 | D:2      | Noticed Jessica
  1278 | D:2      | Killed Jessica
  1576 | D:3      | Found a shadowy altar of Dithmenos.
  1593 | D:3      | Reached skill level 6 in Axes
  1593 | D:3      | Reached XP level 5. HP: 43/47 MP: 4/4
  1602 | D:3      | Reached skill level 5 in Fighting
  2044 | D:3      | Found a runed translucent door.
  2045 | D:3      | Noticed Crazy Yiuf
  2055 | D:3      | Killed Crazy Yiuf
  2401 | D:4      | Found a burning altar of Makhleb.
  2417 | D:4      | Noticed an ogre
  2427 | D:4      | Killed an ogre
  2428 | D:4      | Reached skill level 7 in Axes
  2428 | D:4      | Reached XP level 6. HP: 57/57 MP: 5/5
  2606 | D:4      | Reached *** piety under Trog
  2708 | D:4      | Noticed Robin
  2718 | D:4      | Killed Robin
  2816 | D:4      | Found a hide-covered altar of Uskayaw.
  2832 | D:4      | Reached skill level 8 in Axes
  2832 | D:4      | Reached XP level 7. HP: 59/63 MP: 6/6
  3274 | D:5      | Entered Level 5 of the Dungeon
  3434 | D:5      | Reached skill level 9 in Axes
  3943 | D:5      | Reached XP level 8. HP: 73/73 MP: 7/7
  3945 | D:5      | Reached skill level 10 in Axes
  4361 | D:5      | Identified the +6 hunting sling of Beastly Defiance
                  | {vorpal, rF+ Dex+2}
  4411 | D:6      | Found a staircase to the Ecumenical Temple.
  4421 | D:6      | Noticed Blork the orc
  4455 | D:6      | Killed Blork the orc
  4455 | D:6      | Reached **** piety under Trog
  4466 | D:6      | Found a transporter.
  4470 | D:6      | Found a transporter.
  4478 | D:6      | Noticed a kobold demonologist
  4508 | D:6      | Reached skill level 11 in Axes
  4887 | D:6      | Found a glowing silver altar of Zin.
  4934 | D:6      | Found a stormy altar of Qazlal.
  5164 | D:6      | Found an ancient bone altar of Kikubaaqudgha.
  5471 | D:7      | Reached XP level 9. HP: 58/82 MP: 8/8
  5702 | D:7      | Reached skill level 12 in Axes
  5763 | D:7      | Reached ***** piety under Trog
  7113 | D:7      | Found a shimmering altar of Xom.
  7167 | D:7      | Found a glowing golden altar of the Shining One.
  7390 | D:8      | Noticed Grum
  7392 | D:8      | Noticed a two-headed ogre
  7395 | D:8      | Killed Grum
  7396 | D:8      | Reached skill level 13 in Axes
  7402 | D:8      | Reached skill level 10 in Fighting
  7405 | D:8      | Killed a two-headed ogre
  7536 | D:8      | Found Koihylla's Lightly-Used Armoury.
  7608 | D:8      | Reached XP level 10. HP: 73/94 MP: 9/9
  7810 | D:8      | Found an iron altar of Okawaru.
  7818 | D:8      | Reached skill level 14 in Axes
  8326 | D:8      | Noticed Joseph
  8333 | D:8      | Killed Joseph
  8605 | D:8      | Received a gift from Trog
  9349 | D:9      | Reached skill level 15 in Axes
  9805 | D:9      | Paralysed by a hornet for 2 turns
  9809 | D:9      | Paralysed by a hornet for 2 turns
  9812 | D:9      | HP: 4/96 [poisoned by a hornet]
  9814 | D:9      | HP: 1/96 [poisoned by a hornet]
 10616 | D:9      | Reached skill level 1 in Shields
 10699 | D:9      | Identified the +1 robe of Vanity {rC- rN+ rCorr Str+3}
 10763 | D:10     | Entered Level 10 of the Dungeon
 10822 | D:10     | Found a white marble altar of Elyvilon.
 10830 | D:10     | Noticed Maggie
 10840 | D:10     | Killed Maggie
 11304 | D:10     | Found a staircase to the Lair.
 11323 | D:10     | Reached XP level 11. HP: 93/102 MP: 10/10
 11330 | D:10     | Reached skill level 16 in Axes
 11424 | D:10     | Identified the +1 leather armour of the Trout {Harm Drain
                  | Str+3}
 11455 | D:10     | Noticed Snorg
 11472 | D:10     | HP: 4/102 [Snorg (5)]
 11472 | D:10     | Slain by Snorg

Illustrated notes

Levels and vault maps discovered:
D:1:      ebering_trefoil_twist, layout_rooms
D:2:      layout_basic, shapermc_ecumenical_altar_hornbeckon, uniq_jessica
D:3:      layout_loops_ring, mainiacjoe_overflow_paths, uniq_crazy_yiuf_cottage
D:4:      layout_loops_cross, mainiacjoe_overflow_cross_hatched,
          mainiacjoe_overflow_brackets, minmay_misc_feat_secret_circle,
          minmay_misc_feat_enclosed, uniq_robin
D:5:      layout_rooms, grunt_ministairs_9
D:6:      gammafunk_wand_slinger, layout_loops_cross, lemuel_round_altar,
          zin_academy, nicolae_kikubaaqudgha_miasma_corner, temple_pool_b,
          minmay_unpleasant_kobolds, uniq_blork_the_orc
D:7:      layout_cave_pools, old_standard_altar, amcnicky_altar_gilded,
          serial_gnoll_camp, gnoll_camp_mini_hut, gnoll_camp_mini_doghouse,
          gnoll_camp_huts_moat, gnoll_camp_mini_loothouse
D:8:      layout_basic, okawaru_humans, minmay_shop_damaged, uniq_grum,
          uniq_joseph
D:9:      layout_roguey
D:10:     layout_loops_ring, elyvilon_altar_5, lair_entry_dummy,
          hangedman_tell_no_tales, uniq_snorg, uniq_maggie

Skill      XL: |  1  2  3  4  5  6  7  8  9 10 11 |
---------------+----------------------------------+-----
Axes           | 4 5 6 7 8 9 11 13 15 16 | 16.1
Fighting       | 4 5 6 7 8 10 11 | 11.5
Shields        | 3 4 |  4.0
Armour         | |  2.4
Dodging        | |  2.1

Action                   |  1- 3 |  4- 6 |  7- 9 | 10-12 || total
-------------------------+-------+-------+-------+-------++-------
Melee: Hand axe          |    76 |   110 |    16 |       ||   202
       Headbutt          |     7 |    27 |    24 |    44 ||   102
       Battleaxe         |       |       |   182 |   164 ||   346
       War axe           |       |       |       |    77 ||    77
Throw: Dart              |       |       |    10 |     1 ||    11
Invok: Berserk           |       |     4 |     5 |     4 ||    13
       Trog's Hand       |       |       |       |     1 ||     1
  Use: Potion            |       |       |     1 |     4 ||     5
       Scroll            |       |       |       |     5 ||     5
Armor: Animal skin       |    12 |       |       |       ||    12
       Scale mail        |     1 |    28 |    90 |    31 ||   150
       Chain mail        |       |       |       |    51 ||    51
Dodge: Dodged            |    51 |    47 |   131 |    88 ||   317

Table legend: (Time is in decaauts)
 A = Elapsed time spent in this place.
 B = Non-inter-level travel time spent in this place.
 C = Inter-level travel time spent in this place.
 D = Time resting spent in this place.
 E = Time spent auto-exploring this place.
 F = Levels seen in this place.
 G = Mean time per level.
                   A        B        C        D        E       F      G
               +--------+--------+--------+--------+--------+-----+--------+
         Total |  11617 |  11397 |    220 |   4115 |   2868 |  10 | 1161.7 |
       Dungeon |  11617 |  11397 |    220 |   4115 |   2868 |  10 | 1161.7 |
               +--------+--------+--------+--------+--------+-----+--------+

Top non-repeatable levels by time:
     D:7: 1932 daAuts
     D:9: 1666 daAuts
     D:8: 1643 daAuts
     D:4: 1420 daAuts
     D:6: 1247 daAuts
     D:3: 895 daAuts
     D:1: 877 daAuts
    D:10: 689 daAuts
     D:2: 679 daAuts
     D:5: 567 daAuts
